 Dungeon Crawl Stone Soup version 0.17.2-1-ge4368a0 (webtiles) character file.

58 Goblin1989 the Covert (level 3, 0/18 HPs)
             Began as a Spriggan Assassin on Oct 25, 2016.
             Slain by a worm (11 damage)
             ... on level 2 of the Dungeon.
             The game lasted 00:06:06 (1342 turns).

Goblin1989 the Covert (Spriggan Assassin)           Turns: 1342, Time: 00:06:06

Health: 0/18       AC:  3    Str:  7    XL:     3   Next: 76%
Magic:  4/4        EV: 17    Int: 12    God:
Gold:   42         SH:  0    Dex: 18    Spells: 0 memorised, 2 levels left

rFire  . . .     SeeInvis +     a - +2 dagger
rCold  . . .     Clarity  .     c - +0 robe
rNeg   . . .     SustAt   .     (shield restricted)
rPois  .         Gourm    .     (helmet restricted)
rElec  .         Spirit   .     d - +0 cloak
rCorr  .         Warding  .     (gloves unavailable)
rMut   .         Stasis   .     (boots unavailable)
MR     .....                    (no amulet)
Stlth  +++++.....               (no ring)
                                (no ring)

@: very quick, not resistant to hostile enchantments, quite stealthy
A: unfitting armour, see invisible, herbivore 3, speed 3, slow metabolism 2
a: no special abilities


You were on level 2 of the Dungeon.
You were not hungry.

You visited 1 branch of the dungeon, and saw 2 of its levels.

You collected 42 gold pieces.

Inventory:

Hand Weapons
 a - a +2 dagger (weapon)
 b - a +0 hunting sling
 k - a +0 club
 l - a +0 club
 p - a cursed -1 club
 q - a +4 hand axe
 s - a +0 club
 t - a cursed -3 short sword
 u - a +0 club
 w - a +0 blowgun {@w1}
 B - a +0 club
 C - a +4 hunting sling
 D - a +0 dagger
 G - a +0 club
 I - a +0 club
 J - a +2 hand axe of venom
Missiles
 e - 7 poisoned needles
 f - 2 curare-tipped needles
 h - 79 stones (quivered)
 j - 14 bolts
 x - 15 poisoned bolts
 z - 15 sling bullets
 F - 25 arrows
Armour
 c - a +0 robe (worn)
 d - a +0 cloak (worn)
 v - a +0 leather armour
Scrolls
 r - 2 scrolls of teleportation {unknown}
 y - a scroll of identify {unknown}
 E - a scroll of remove curse {unknown}
 H - a scroll of enchant weapon {unknown}
Potions
 i - a potion of might {unknown}
 m - a potion of curing {unknown}
 n - a potion of resistance {unknown}
 o - a potion of flight {unknown}
 A - a potion of invisibility {unknown}
Comestibles
 g - 3 bread rations {@e1}


   Skills:
 - Level 1.5 Fighting
 - Level 2.1 Short Blades
 - Level 2.0 Throwing
 - Level 1.5 Dodging
 + Level 8.2 Stealth


You had 2 spell levels left.
You didn't know any spells.

Dungeon Overview and Level Annotations

Branches:
Dungeon (2/15)

Altars:


Innate Abilities, Weirdness & Mutations

You are tiny and cannot use many weapons and most armour.
You have supernaturally acute eyesight.
You are a herbivore.
You cover ground extremely quickly.
You need consume almost no food.


Message History

r - 2 scrolls labeled MASHRO HYNU (gained 1)
The worm bites you!
You take 7 damage, and have 11/18 hp.
MASSIVE DAMAGE!!
You hit the worm.
The worm is lightly wounded.
You hit the worm.
The worm is moderately wounded.
The worm closely misses you.
You hit the worm.
The worm is moderately wounded.
You barely miss the worm.
The worm is moderately wounded.
The worm barely misses you.
You hit the worm.
The worm is moderately wounded.
You hit the worm.
The worm is severely wounded.
The worm bites you!
Ouch! That really hurt!
You die...

....█.█ ████..█.█████.█
..[........r..█
.......?.......
.b....█.███████
█████.█..█ ██
█.██.██████ █.
█.██████.██......█████.
█.....@w...............
████████.██.........█..
█............█..
██████████...█..
█...█.. ██...█..
█....... █.......
█.......


You could see a worm.

Vanquished Creatures
  2 adders (D:2)
  An ooze (D:2)
  2 ball pythons
  3 bats
  5 goblins
  6 hobgoblins
  5 kobolds
  A quokka (D:2)
  10 rats
35 creatures vanquished.

Notes
Turn   | Place    | Note
--------------------------------------------------------------
     0 | D:1      | Goblin1989 the Spriggan Assassin began the quest for the Orb.
     0 | D:1      | Reached XP level 1. HP: 10/10 MP: 2/2
    22 | D:1      | Reached skill level 6 in Stealth
   191 | D:1      | Reached XP level 2. HP: 14/14 MP: 3/3
   348 | D:1      | Reached skill level 7 in Stealth
   634 | D:2      | Reached XP level 3. HP: 11/18 MP: 4/4
  1127 | D:2      | Reached skill level 8 in Stealth
  1342 | D:2      | Slain by a worm

Action                   || total
-------------------------++-------
Melee: Dagger            ||    68
 Fire: Blowgun           ||     7
 Stab: Sleeping          ||    17

Vault maps used:
D:1:      minmay_arrival_solitary_statue
D:2:      minmay_misc_feat_x
